 Dungeon Crawl Stone Soup version 0.19-a0-1637-gfc13266 (webtiles) character file.

165 Amnesiac the Charlatan (level 5, 0/43 HPs)
             Began as a Deep Dwarf Artificer on Sept 19, 2016.
             Slain by a scorpion (4 damage)
             ... on level 4 of the Dungeon.
             The game lasted 00:04:21 (1282 turns).

Amnesiac the Charlatan (Deep Dwarf Artificer)       Turns: 1282, Time: 00:04:22

Health: 0/43       AC:  7    Str: 16      XL:     5   Next: 21%
Magic:  10/10      EV: 12    Int: 11      God:
Gold:   142        SH:  0    Dex: 12 (14) Spells: 0 memorised, 4 levels left

rFire  . . .     SeeInvis .     o - +1 spear (venom)
rCold  . . .     Gourm    .     b - +0 leather armour
rNeg   . . .     Faith    .     (no shield)
rPois  .         Spirit   .     p - +0 helmet
rElec  .         Dismiss  .     (no cloak)
rCorr  .         Reflect  .     (no gloves)
MR     .....     Harm     .     k - +2 pair of boots {Fly}
Stlth  +.........               (no amulet)
                                (no ring)
                                (no ring)

@: flying, non-regenerating
A: damage resistance, recharge devices, sense surroundings 1, slow regeneration
3
a: Device Recharging


You were on level 4 of the Dungeon.
You were not hungry.

You visited 1 branch of the dungeon, and saw 4 of its levels.

You collected 142 gold pieces.

Inventory:

Hand Weapons
 a - a +0 short sword
 i - a +0 mace
 m - a +0 war axe
 o - a +1 spear of venom (weapon)
Armour
 b - a +0 leather armour (worn)
 k - a +2 pair of boots of flying (worn)
 p - a +0 helmet (worn)
Jewellery
 h - an uncursed ring of magical power {unknown}
Wands
 c - a wand of flame (15/48)
 d - a wand of enslavement (15/24)
 e - a wand of random effects (15/48)
 f - a wand of heal wounds (4/9)
Scrolls
 j - 2 scrolls of remove curse {unknown}
 l - a scroll of identify {unknown}
 q - a scroll of blinking {unknown}
Comestibles
 g - 2 bread rations
 n - 2 slices of pizza
 r - 2 chunks of flesh


   Skills:
 - Level 0.8 Fighting
 - Level 0.8 Short Blades
 + Level 1.4 Axes
 - Level 2.1 Dodging
 - Level 1.2 Stealth
 - Level 7.5 Evocations


You had 4 spell levels left.
You didn't know any spells.

Dungeon Overview and Level Annotations

Branches:
Dungeon (4/15)
 Temple: D:4-7

Altars:
Vehumet


Innate Abilities, Weirdness & Mutations

You are resistant to damage.
You can recharge devices by infusing magical energy.
You passively map a small area around you.
You do not regenerate.


Message History

Found 16 arrows.
Attack whom?
Press: ? - help, Dir - move target cursor, f - scorpion
Aim: a scorpion You reach to attack!
You hit the scorpion.
The scorpion is lightly wounded.
Attack whom?
Press: ? - help, Dir - move target cursor, f/p - scorpion
Aim: a scorpion (lightly wounded)
You closely miss the scorpion.
The scorpion is lightly wounded.
The scorpion stings you.
* * * LOW HITPOINT WARNING * * *
The scorpion stings you!
* * * LOW HITPOINT WARNING * * *
Attack whom?
Press: ? - help, Dir - move target cursor, f/p - scorpion
Aim: a scorpion You completely miss the scorpion.
The scorpion stings you.
You die...

#..#..##..##...##
#.........##...##
#...............#
#....(.......)..#
#.....)........######
######..######)..##...# #..
##'###..##).......#########
#..#................##....#.##
,#..'.........@......#.........
.'..#.<.......s......#.........
##..##..##..##.......'.........
* #. #..##..##.......#######...
.,,,#...#...........##..###...
.. , #...#............+........
, #...#............#........ **
#.###..##........#........
*#..##.......##..##...#


You could see a scorpion.

Vanquished Creatures
  A bullfrog skeleton (D:4)
  An orc wizard (D:4)
  An iguana (D:3)
  A worker ant (D:4)
  A shadow imp (D:4)
  A dart slug (D:2)
  8 orcs
  6 giant cockroaches
  3 goblins
  4 hobgoblins
  3 jackals (D:1)
  2 kobolds
  2 ball pythons
  3 bats (D:2)
  A frilled lizard (D:2)
  3 rats
41 creatures vanquished.

Notes
Turn   | Place    | Note
-------+----------+-------------------------------------------
     0 | D:1      | Amnesiac the Deep Dwarf Artificer began the quest for the Orb.
     0 | D:1      | Reached XP level 1. HP: 16/16 MP: 3/3
   250 | D:1      | Reached XP level 2. HP: 19/24 MP: 5/5
   291 | D:2      | Reached skill level 5 in Evocations
   513 | D:3      | Reached XP level 3. HP: 13/30 MP: 7/7
   750 | D:3      | Reached skill level 6 in Evocations
   840 | D:3      | Reached XP level 4. HP: 26/37 MP: 8/8
  1047 | D:3      | Found a radiant altar of Vehumet.
  1114 | D:4      | Reached skill level 7 in Evocations
  1239 | D:4      | Reached XP level 5. HP: 15/43 MP: 10/10
  1265 | D:4      | Reached skill level 1 in Axes
  1282 | D:4      | Slain by a scorpion

Vault maps used:
D:1:      minmay_arrival_four_loops, minivault_14
D:3:      gammafunk_temple_overflow_wave, marbit_many_paths
D:4:      first_bread, minmay_close_crescents, uniq_natasha, uniq_duvessa

Skill      XL: |  1  2  3  4  5 |
---------------+----------------+-----
Evocations     | 5 6 7 |  7.5
Axes           | 1 |  1.4
Fighting       | |  0.8
Short Blades   | |  0.8
Dodging        | |  2.1
Stealth        | |  1.2

Action                   |  1- 3 |  4- 6 || total
-------------------------+-------+-------++-------
Melee: Mace              |    62 |       ||    62
       Short sword       |     3 |       ||     3
       Spear             |    29 |    61 ||    90
Evoke: Wand              |     1 |       ||     1
  Use: Potion            |     5 |       ||     5
       Scroll            |     2 |       ||     2
 Stab: Sleeping          |     2 |       ||     2
  Eat: Chunk             |       |     2 ||     2
Armor: Leather armour    |    36 |    13 ||    49
Dodge: Dodged            |    97 |    40 ||   137
